Map: King's Cove LE

Players

llllllllllll - Winner!

  • Race: Terran Terran
  • League: Bronze
  • Spawn Location: 5:00

IIIIIIIIIIII

  • Race: Zerg Zerg
  • League: Silver
  • Spawn Location: 11:00

VOD

Have the link to the VOD?

Description

Time

  • Played on: April 24, 2025, 8:57 a.m.
  • Length: 9:23
Show
View Real Time Build Order
Export as new Build Order

llllllllllll Terran - Winner!

Build Orders: 2 Factory 

Get SALT Encoding   

  12  0:00  SCV  
  13  0:12  SCV  
  14  0:18  Supply Depot  
  14  0:24  SCV  
  15  0:31  Refinery  
  15  0:40  SCV  
  16  0:51  Barracks  
  16  0:53  SCV  
  17  1:05  SCV  
  18  1:17  SCV  
  19  1:29  SCV  
  20  1:41  Reaper  
  20  1:42  Orbital Command  
  21  1:57  Command Center  
  21  2:09  SCV  
  21  2:14  Factory  
  22  2:18  Refinery  
  22  2:19  Barracks Reactor  
  22  2:23  SCV  
  22  2:29  Supply Depot  
  23  2:51  SCV  
  24  2:58  Factory  
  24  3:03  SCV  
  27  3:06  Hellion x2  
  27  3:11  Orbital Command  
  29  3:15  SCV  
  30  3:22  Barracks Tech Lab  
  30  3:27  SCV  
  30  3:37  SCV  
  30  3:39  SCV  
  32  3:49  SCV  
  32  3:50  Mag-Field Accelerator  
  32  3:51  Cyclone  
  32  3:52  SCV  
  37  4:00  Supply Depot  
  37  4:01  Supply Depot  
  37  4:02  SCV  
  38  4:07  SCV  
  39  4:14  SCV  
  40  4:19  SCV  
  41  4:25  Factory  
  41  4:26  SCV, Factory x2  
  42  4:31  SCV  
  42  4:34  Refinery  
  42  4:35  Refinery  
  42  4:38  SCV  
  44  4:39  Supply Depot  
  44  4:44  Supply Depot  
  44  4:46  SCV  
  44  4:50  SCV  
  46  4:57  Cyclone  
  46  4:58  SCV  
  50  5:03  Supply Depot  
  50  5:07  Supply Depot  
  50  5:08  Factory Tech Lab  
  50  5:09  Factory Tech Lab x2  
  50  5:11  Factory Reactor  
  50  5:20  SCV  
  44  5:29  Cyclone  
  41  5:38  Orbital Command  
  26  5:52  Hellion x2  
  30  6:01  Cyclone  
  34  6:04  SCV x2  
  34  6:16  SCV  
  34  6:19  SCV  
  34  6:25  Cyclone  
  38  6:33  Cyclone  
  39  6:43  Cyclone  
  39  6:44  SCV x2  
  44  7:01  SCV  
  46  7:13  Supply Depot  
  46  7:14  Supply Depot  
  45  7:16  Infernal Pre-Igniter  
  45  7:21  SCV  
  46  7:27  Orbital Command  
  46  7:34  Cyclone  
  46  7:35  Hellion x2  
  46  7:36  Hellion  
  55  7:41  SCV  
  56  7:53  SCV  
  50  7:59  Cyclone  
  50  8:05  SCV, Hellion  
  56  8:10  SCV  
  57  8:15  Cyclone  
  60  8:25  Cyclone  
  60  8:29  SCV  
  54  8:41  Cyclone  
  55  8:50  Hellion x2  
  56  9:00  Hellion x2  
  58  9:08  SCV x2  
Show
View Real Time Build Order
Export as new Build Order

IIIIIIIIIIII Zerg 

Build Orders: Hatch First, Roach Nydus 

Get SALT Encoding   

  12  0:00  Drone  
  13  0:12  Drone  
  14  0:18  Overlord  
  14  0:23  Extractor  
  14  0:25  Drone  
  15  0:37  Drone x2  
  17  0:45  Drone  
  18  1:01  Hatchery  
  18  1:03  Drone  
  17  1:05  Extractor  
  17  1:07  Drone  
  17  1:18  Drone  
  18  1:27  Spawning Pool  
  18  1:31  Drone  
  18  1:39  Overlord  
  18  1:51  Drone  
  19  2:01  Drone  
  20  2:13  Queen  
  20  2:14  Zergling x2, Metabolic Boost  
  23  2:16  Zergling x2  
  23  2:21  Zergling x2  
  25  2:31  Queen  
  25  2:35  Drone  
  27  2:45  Zergling x2  
  27  2:46  Drone x2  
  27  2:47  Drone  
  31  2:58  Overlord  
  31  2:59  Extractor  
  30  3:20  Lair  
  30  3:21  Drone x3  
  30  3:22  Drone x2  
  35  3:36  Drone x3, Roach Warren  
  35  3:40  Drone  
  38  3:46  Drone  
  39  3:48  Evolution Chamber  
  38  3:56  Overlord  
  38  3:59  Drone x2  
  40  4:18  Queen  
  40  4:19  Nydus Network  
  41  4:28  Roach x4  
  41  4:30  Overlord  
  49  4:32  Roach  
  49  4:35  Overlord  
  49  4:41  Roach  
  51  4:47  Evolution Chamber  
  51  4:49  Roach  
  51  4:50  Ravager  
  52  4:54  Roach  
  52  4:55  Nydus Canal  
  54  5:01  Roach x2  
  54  5:02  Roach  
  54  5:04  Zergling x2  
  61  5:08  Zergling x2  
  61  5:09  Zergling x2  
  61  5:13  Nydus Canal  
  63  5:20  Roach  
  63  5:21  Roach  
  65  5:25  Zergling x6  
  63  5:36  Roach x2  
  63  5:37  Overlord  
  63  5:41  Drone, Zergling x2  
  62  5:46  Roach  
  62  5:47  Zergling x2  
  60  5:56  Zergling x8  
  62  6:07  Drone, Zergling x2  
  62  6:08  Zergling x2  
  60  6:16  Zergling x4  
  59  6:24  Queen  
  59  6:32  Zergling x2  
  60  6:44  Extractor  
  60  6:45  Glial Reconstitution  
  60  6:46  Extractor  
  53  6:47  Overlord x2  
  53  6:50  Zergling x6  
  56  7:08  Drone  
  56  7:09  Hydralisk Den  
  56  7:13  Queen  
  56  7:14  Queen  
  60  7:19  Drone  
  60  7:20  Drone x3  
  64  7:41  Zergling x10  
  68  7:47  Hydralisk  
  63  7:56  Hydralisk  
  63  7:57  Hydralisk x3  
  64  7:59  Roach  
  65  8:10  Nydus Canal  
  58  8:23  Roach  
  52  8:28  Roach x4  
  58  8:38  Zergling x2  
  58  8:39  Zergling x4  
  50  8:42  Zergling x2  
  50  8:46  Hydralisk x2  
  47  9:02  Roach  
  45  9:03  Roach x3  
Tags
 
Add a new tag
Caveats
  • Supply blocks, unpowered buildings, or Contaminate may cause inaccurate times.
  • Supply counts are checked every 10 seconds.